 Dungeon Crawl Stone Soup version 0.32-a0-886-g41c5271027 (console) character file.

Game seed: 14974789369052215334

58 Kenran the Ruffian (level 3, -2/26 HPs)
             Began as a Minotaur Alchemist on Apr 2, 2024.
             Slain by a gnoll
             ... wielding a +0 halberd
              (4 damage)
             ... on level 2 of the Dungeon.
             The game lasted 00:03:46 (1402 turns).

Kenran the Ruffian (Minotaur Alchemist)             Turns: 1402, Time: 00:03:47

Health: -2/26      AC:  7    Str: 14    XL:     3   Next: 76%
Magic:  4/4        EV:  8    Int: 12    God:
Gold:   83         SH:  0    Dex: 10    Spells: 3/4 levels left

rFire   . .          .
                       - Unarmed
rCold   . . .        (no shield)
rNeg    . . .        e - +0 scale mail
rPois   .            (helmet restricted)
rElec   .            (no cloak)
rCorr   .            (no gloves)
SInv    .            i - +0 pair of boots
Will    .....        (no amulet) Stlth
                     (no ring)
HPRegen 0.24/turn    (no ring)
MPRegen 0.09/turn

%: no passive effects
@: no status effects
A: horns 2, retaliatory headbutt
a: no special abilities


You were on level 2 of the Dungeon.
You visited 1 branch of the dungeon, and saw 2 of its levels.

You collected 83 gold pieces.

Inventory:

Armour
 e - a +0 scale mail (worn)
 i - a +0 pair of boots (worn)
Scrolls
 a - a scroll of enchant weapon
 c - a scroll of torment {unknown}
 f - a scroll of poison {unknown}
Potions
 b - a potion of magic
 d - a potion of degeneration {unknown}
 h - a potion of heal wounds {unknown}


   Skills:
 - Level 2.1 Dodging
 - Level 1.5 Stealth
 + Level 3.8 Unarmed Combat
 - Level 1.3 Spellcasting
 - Level 0.6 Conjurations
 - Level 2.1 Alchemy


You had 3 spell levels left.
You knew the following spells:

 Your Spells              Type           Power      Damage    Failure   Level
a - Sting                 Conj/Alch      16%        1d4       58%         1

Your spell library contained the following spells:

 Spells                   Type           Power      Damage    Failure   Level
 Mercury Vapours          Alch/Air       6%         N/A       77%         2
 Mephitic Cloud           Conj/Alch/Air  3%         N/A       95%         3
 Olgreb's Toxic Radiance  Alch           6%         N/A       99%         4
 Sticky Flame             Fire/Alch      3%         2d4       100%        4


Dungeon Overview and Level Annotations

Branches:
Dungeon (2/15)

Altars:


Innate Abilities, Weirdness & Mutations

You have a pair of horns on your head.
You reflexively headbutt those who attack you in melee.


Message History

A gnoll comes into view. It is wielding a +0 club.
The gnoll shouts!
There is an open door here.
Casting: Sting (safe; 58% risk of failure)
Confirm with . or Enter, or press ? or * to list all spells.
Okay, then.
Casting: Sting (safe; 58% risk of failure)
Confirm with . or Enter, or press ? or * to list all spells.
Okay, then.
Casting: Sting (safe; 58% risk of failure)
Confirm with . or Enter, or press ? or * to list all spells.
Aiming: Sting (safe; 58% risk of failure)
Press: ? - help, Shift-Dir - straight line, f - gnoll
Aim: a gnoll, wielding a +0 halberd (69% to hit)
You miscast Sting.
You are very lightly contaminated with residual magic.
Nothing appears to happen.
The gnoll attacks as it pursues you!
The gnoll hits you from afar with a +0 halberd!
The gnoll attacks as it pursues you!
The gnoll hits you from afar with a +0 halberd.
The gnoll attacks as it pursues you! The gnoll barely misses you.
The gnoll hits you with a +0 halberd.
You hit the gnoll.
The gnoll is lightly wounded.
Your magical contamination has completely faded away.
You hit the gnoll.
The gnoll is lightly wounded.
The gnoll barely misses you.
You barely miss the gnoll. You headbutt the gnoll.
The gnoll is moderately wounded.
The gnoll hits you with a +0 halberd!
* * * LOW HITPOINT WARNING * * *
It was a potion of curing.
You feel better. The gnoll hits you with a +0 halberd.
* * * LOW HITPOINT WARNING * * *
You hit the gnoll.
The gnoll is heavily wounded.
The gnoll hits you with a +0 halberd.
You die... #........P...P. #.#PPPPPPP.PPP. #.#P.....P..... #.#P.PPP.PPPPP. #.#P...P...P.P. ####.#P.PPP.PPP.P. #.....P.P......... #.####P.PPPPPPPPPP

#@#.......'.......
#g#.#######.......
#g#.#...<.........
#.#.#.##..........
#.#.#.######'#'###
#.#.#........#.#..
#.#.##########.#..
#.#............#..
##.##############..


You could see 2 gnolls.

Vanquished Creatures
  Natasha (D:2)
  A dart slug (D:2)
  2 endoplasms (D:1)
  A giant cockroach (D:1)
  A goblin (D:1)
  3 hobgoblins
  4 jackals (D:1)
  2 quokkas (D:1)
  2 ball pythons
  4 bats (D:1)
  A frilled lizard (D:1)
  4 kobolds (D:1)
  4 rats
30 creatures vanquished.

Notes
Turn   | Place    | Note
-------+----------+-------------------------------------------
     0 | D:1      | Kenran the Minotaur Alchemist began the quest for the Orb.
     0 | D:1      | Reached XP level 1. HP: 14/14 MP: 1/1
   392 | D:1      | Reached skill level 1 in Unarmed Combat
   515 | D:1      | Reached XP level 2. HP: 20/20 MP: 3/3
   518 | D:1      | Reached skill level 2 in Unarmed Combat
   940 | D:1      | Reached skill level 3 in Unarmed Combat
   940 | D:1      | Reached XP level 3. HP: 26/26 MP: 2/4
  1170 | D:2      | Noticed Natasha
  1178 | D:2      | Killed Natasha
  1400 | D:2      | HP: 1/26 [gnoll/+0 halberd (12)]
  1402 | D:2      | Slain by a gnoll

Illustrated notes

Levels and vault maps discovered:
D:1:      dpeg_arrival_stone_temple_mockup, layout_loops_cross
D:2:      layout_basic, kennysheep_path_1, minivault_14, minivault_14,
          hangedman_decor_growths, minmay_hedge_maze, uniq_natasha,
          uniq_crazy_yiuf_cottage

Skill      XL: |  1  2 |
---------------+-------+-----
Unarmed Combat | 1 3 |  3.8
Dodging        | |  2.1
Stealth        | |  1.5
Spellcasting   | |  1.3
Conjurations   | |  0.6
Alchemy        | |  2.1

Action                     || total
---------------------------++-------
  Melee: Unarmed           ||   148
         Headbutt          ||    36
         Punch             ||     1
   Cast: Sting             ||     3
    Use: Scroll            ||     1
         Potion            ||     1
 Armour: Robe              ||    16
         Scale mail        ||    64
  Dodge: Dodged            ||    53

Table legend: (Time is in decaauts)
 A = Elapsed time spent in this place.
 B = Non-inter-level travel time spent in this place.
 C = Inter-level travel time spent in this place.
 D = Time resting spent in this place.
 E = Time spent auto-exploring this place.
 F = Levels seen in this place.
 G = Mean time per level.
                   A        B        C        D        E       F      G
               +--------+--------+--------+--------+--------+-----+--------+
         Total |   1394 |   1389 |      5 |    314 |    636 |   2 |  697.0 |
       Dungeon |   1394 |   1389 |      5 |    314 |    636 |   2 |  697.0 |
               +--------+--------+--------+--------+--------+-----+--------+

Top non-repeatable levels by time:
     D:1: 952 daAuts
     D:2: 442 daAuts
